 Dungeon Crawl Stone Soup version 0.23-a0-550-g7de1f8e (webtiles) character file.

5961 tidbits the Summoner (level 10, -8/74 HPs)
             Began as a Gnoll Summoner on Dec 9, 2018.
             Was the Champion of Cheibriados.
             Blown up by an eye of devastation (shapeshifter) (45 damage)
             ... with a bolt of energy
             ... on level 14 of the Dungeon.
             The game lasted 00:34:44 (3194 turns).

tidbits the Summoner (Gnoll Summoner)               Turns: 3194, Time: 00:34:44

Health: -8/74      AC:  6    Str: 26    XL:     10   Next: 84%
Magic:  18/21      EV: 20    Int: 35    God:    Cheibriados [******]
Gold:   303        SH:  8    Dex: 31    Spells: 5/24 levels left

rFire    . . .     SeeInvis .   a - +5 broad axe (vamp)
rCold    + . .     Gourm    .   D - +0 buckler (curse)
rNeg     . . .     Faith    +   B - +0 robe
rPois    .         Spirit   .   (no helmet)
rElec    .         Reflect  .   C - scarf {repulsion}
rCorr    .         Harm     .   G - +1 pair of gloves
MR       .....                  F - +0 pair of boots
Stlth    ++++......             n - amulet of faith
HPRegen  0.22/turn              t - ring of protection from cold
MPRegen  0.17/turn              (no ring)

@: repel missiles, very slow
A: distributed training, fangs 1, strong nose
a: Bend Time, Temporal Distortion, Slouch, Step From Time, Renounce Religion


You were on level 14 of the Dungeon.
You worshipped Cheibriados.
Cheibriados was exalted by your worship.
You were full.

You visited 3 branches of the dungeon, and saw 15 of its levels.

You collected 822 gold pieces.
You spent 519 gold pieces at shops.

Inventory:

Hand Weapons
 a - a +5 vampiric broad axe (weapon)
   (You bought it in a shop on level 9 of the Dungeon)
 b - the +4 shortbow of Painful Death {flame, *Slow rPois Str+7 Int+4}
   (You took it off an orc on level 9 of the Dungeon)

   It causes projectiles fired from it to burn those they strike, causing extra
   injury to most foes and up to half again as much damage against particularly
   susceptible opponents.
   It affects your strength (+7).
   It affects your intelligence (+4).
   It protects you from poison.
   It may slow you when you take damage.
 u - a +1 long sword of holy wrath
   (You took it off a deep elf mage on level 12 of the Dungeon)
 w - a +0 broad axe of flaming
   (You took it off a tengu warrior on level 14 of the Dungeon)
 Q - a +2 dagger of draining
   (You took it off a kobold on level 8 of the Dungeon)
 R - a +0 morningstar
 X - a +1 short sword of electrocution
   (You took it off an orc on level 8 of the Dungeon)
 Z - a +0 blowgun
Missiles
 e - 221 arrows
 f - 14 bolts
 K - 2 throwing nets (quivered) {!f}
 L - 22 stones
 Y - a curare-tipped needle
Armour
 h - a +0 ring mail
 i - a scarf of repulsion
   (You found it on level 4 of the Dungeon)
 B - a +0 robe (worn)
 C - a scarf of repulsion (worn)
   (You found it on level 6 of the Dungeon)
 D - a cursed +0 buckler (worn)
 F - a +0 pair of boots (worn)
 G - a +1 pair of gloves (worn)
 P - a +1 cloak
Jewellery
 n - an amulet of faith (around neck)
   (You found it on level 3 of the Dungeon)
 t - a ring of protection from cold (left hand)
   (You found it on level 6 of the Dungeon)
 S - an uncursed amulet of the gourmand
   (You found it on level 8 of the Dungeon)
 V - an uncursed ring of protection from cold
   (You found it on level 9 of the Dungeon)
Wands
 l - a wand of flame (18)
 H - a wand of disintegration (7)
Scrolls
 d - a scroll of fog
 o - 2 scrolls of noise {unknown}
 p - 4 scrolls of teleportation
 q - 2 scrolls of enchant armour
 r - 4 scrolls of remove curse
 s - 2 scrolls of amnesia
 x - a scroll of vulnerability
 y - 2 scrolls of immolation
 E - 3 scrolls of blinking {unknown}
 I - 3 scrolls of fear {unknown}
 J - a scroll of silence
 W - a scroll of magic mapping
Potions
 g - 2 potions of berserk rage {unknown}
 j - 2 potions of flight
 k - 3 potions of heal wounds {unknown}
 m - a potion of might {unknown}
 v - a potion of magic
 z - a potion of brilliance
 N - a potion of invisibility
 T - 2 potions of curing
Comestibles
 c - 21 rations


   Skills:
 + Level 5.5 Fighting
 + Level 5.5 Short Blades
 + Level 5.5 Long Blades
 + Level 5.5 Axes
 + Level 5.5 Maces & Flails
 + Level 5.5 Polearms
 + Level 5.5 Staves
 + Level 5.5 Slings
 + Level 5.5 Bows
 + Level 5.5 Crossbows
 + Level 5.5 Throwing
 + Level 5.5 Armour
 + Level 7.3 Dodging
 + Level 7.0 Stealth
 + Level 5.5 Shields
 + Level 5.5 Unarmed Combat
 + Level 7.5 Spellcasting
 + Level 4.6 Conjurations
 + Level 4.6 Hexes
 + Level 4.6 Charms
 + Level 8.5 Summonings
 + Level 4.6 Necromancy
 + Level 4.6 Translocations
 + Level 4.6 Transmutations
 + Level 4.6 Fire Magic
 + Level 4.6 Ice Magic
 + Level 4.6 Air Magic
 + Level 4.6 Earth Magic
 + Level 4.6 Poison Magic
 + Level 6.1 Invocations
 + Level 5.5 Evocations


You had 5 spell levels left.
You knew the following spells:

 Your Spells              Type           Power        Failure   Level  Hunger
b - Blink                 Tloc           N/A          1%          2    None
c - Conjure Flame         Conj/Fire      #####...     1%          3    None
e - Call Canine Familiar  Summ           ######..     1%          3    None
m - Mephitic Cloud        Conj/Pois/Air  #####...     1%          3    None
t - Sticky Flame          Conj/Fire      #####...     4%          4    None
L - Summon Lightning Spi  Summ/Air       ######..     2%          4    None

Your spell library contained the following spells:

 Spells                   Type           Power        Failure   Level  Hunger
 Flame Tongue             Conj/Fire      #####        1%          1    None
 Magic Dart               Conj           ####         1%          1    None
 Summon Small Mammal      Summ           ####         1%          1    None
 Call Imp                 Summ           ######..     1%          2    None
 Slow                     Hex            #####...     1%          2    None
 Throw Flame              Conj/Fire      #####.       1%          2    None
 Inner Flame              Hex/Fire       #####...     1%          3    None
 Summon Guardian Golem    Hex/Summ       ######..     1%          3    None
 Summon Ice Beast         Ice/Summ       ######..     2%          4    None
 Fireball                 Conj/Fire      #####.....   13%         5    ####...


Dungeon Overview and Level Annotations

Branches:
Dungeon (12/15)            Temple (1/1) D:4             Orc (1/2) D:9
   Lair: D:8-11

Altars:
Cheibriados
Dithmenos
Elyvilon
Fedhas
Hepliaklqana
Kikubaaqudgha
Okawaru
Qazlal
Ru
Sif Muna
Uskayaw
Wu Jian
Xom
Zin
The Shining One

Shops:
D:9 (   D:14 (


Innate Abilities, Weirdness & Mutations

Your experience applies equally to all skills.
You have very sharp teeth.
Your uncanny sense of smell can sniff out nearby items.


Message History

Your lightning spire shoots out a bolt of lightning at the tengu warrior!
The bolt of electricity misses the tengu warrior.
The bolt of electricity hits the tengu warrior.
The bolt of electricity hits your lightning spire.
Your lightning spire completely resists.
The bolt of electricity hits your lightning spire.
Your lightning spire completely resists.
It was a potion of flight.
You feel very buoyant.
You fly up into the air.
Your lightning spire shoots out a bolt of lightning at the tengu warrior!
The bolt of electricity hits the tengu warrior.
The tengu warrior dies!
Cheibriados thoroughly appreciates the change of pace.
Your Stealth skill increases to level 7!
The bolt of electricity hits your lightning spire.
Your lightning spire completely resists.
The bolt of electricity hits your lightning spire.
Your lightning spire completely resists.
Items here: )) [[[ ††
Okay, then.
Drop what? 52/52 slots (_ for help) (? for menu, Esc to quit)
You drop a +0 shortbow.
You drop a +1 whip of flaming.
You drop a +0 shortbow.
t - a cursed +0 buckler Wear which item? (? for menu, Esc to quit)
Really wear
t - a cursed +0 buckler?
Your lightning spire disappears in a puff of smoke!
You start putting on your armour.
You continue putting on your cursed +0 buckler. x4
You finish putting on your cursed +0 buckler.
Oops, that feels deathly cold.
Adjust (i)tems, (s)pells, or (a)bilities?
Adjust which item? (? for menu, Esc to quit)
t - a cursed +0 buckler (worn)
Adjust to which letter? (? for menu, Esc to quit)
D - a cursed +0 buckler (worn)
t - a ring of protection from cold (left hand)
Okay, then.
Forget Call Imp, freeing 2 spell levels for a total of 5?
As you read the scroll of amnesia, it crumbles to dust.
Your memory of Call Imp unravels.
Okay, then.
You see here a potion of curing.
T - 2 potions of curing (gained 1)
You are starting to lose your buoyancy.
Items here: ))))) [[ ††
w - a +0 broad axe You float gracefully downwards.
As you read the scroll of brand weapon, it crumbles to dust.
Your +0 broad axe is engulfed in flames!
w - a +0 broad axe of flaming Unknown command.
Drop what? 50/52 slots (_ for help) (? for menu, Esc to quit)
You drop a +0 war axe.
Found a scroll of amnesia.
Found Woqetih's Antique Weapon Shop.
You see here a scroll of amnesia.
s - 2 scrolls of amnesia (gained 1)
Found a flail.
Unknown command.
Found a club.
You block the shadow imp's attack. The shadow imp misses you.
Unknown command.
You slash the shadow imp!
You kill the shadow imp!
Cheibriados appreciates the change of pace.
Found a chain mail.
Unknown command.
A death drake comes into view.
The death drake moves out of view.
Unknown command.
You open the door.
An eye of devastation comes into view.
There is an open door here.
There is an entrance to Woqetih's Antique Weapon Shop here.
Unknown command.
You open the door.
Unknown command.
There is an open door here.
Unknown command.
Casting: Summon Lightning Spire (safe; 2% risk of failure)
Confirm with . or Enter, or press ? or * to list all spells.
Aiming: Summon Lightning Spire (safe; 2% risk of failure)
Press: ? - help, Dir - move target cursor An electric hum fills the air.
The eye of devastation turns its gaze towards you.
The eye of devastation gazes at you.
The bolt of energy hits your lightning spire.
The bolt of energy misses you.
Unknown command.
Throwing (i - inventory. (/) - cycle)
U - a steel tomahawk (quivered)
Press: ? - help, Shift-Dir - straight line, f - eye of devastation
Aim: an eye of devastation You throw a steel tomahawk.
The steel tomahawk hits the eye of devastation but does no damage.
The eye of devastation gazes at you. The bolt of energy hits you!
Ouch! That really hurt!
You die...

#..# #..##..#
#..# #..#
#.)##..# #..#
#..# #..##..#
.# #..#
#..##..###..#
#..#
#...........
#..#
#..........
#..#
#........#
#..#
#...#'#..#
####..#
#.@.'∩'..#
#.....#
#..8#'#..#
#.###.#
#.......## #
#.####.......#
#....G...#...#
#..G.....#...#
#..###...#...#
#..# #...#...#
#..# #.......#


You could see an eye of devastation and a friendly lightning spire.

Vanquished Creatures
  A deep elf mage (D:12)
  2 hippogriffs (D:12)
  A yak (D:12)
  2 orc warriors
  2 phantoms
  A black bear (D:10)
  A necrophage (D:9)
  5 ogres
  2 centaurs
  A bullfrog (D:7)
  2 killer bees
  A crimson imp (D:9)
  A bullfrog zombie (D:9)
  2 jellies (D:8)
  4 hounds
  2 orc priests
  2 orc wizards
  3 iguanas
  5 worker ants
  2 hound skeletons
  A gnoll (D:7)
  5 adders
  2 shadow imps
  2 oozes
  An adder skeleton (D:5)
  A leopard gecko (D:5)
  9 orcs
  A giant cockroach (D:1)
  9 jackals
  3 kobolds
  2 quokkas
  A ball python (D:8)
  A goblin (D:2)
80 creatures vanquished.

Vanquished Creatures (collateral kills)
  2 tengu warriors (D:14)
  Pikel (D:7)
  A deep elf mage (D:12)
  Maurice (D:9)
  A troll (D:12)
  A hippogriff (D:10)
  A wyvern (D:12)
  2 yaks (D:12)
  A slave (D:7)
  An orc warrior (D:8)
  2 ice beasts (D:6)
  A black bear (D:7)
  2 ogres
  3 centaurs
  A crocodile (D:7)
  A big kobold (D:8)
  3 bullfrogs
  4 killer bees
  3 crimson imps
  A centaur zombie (D:5)
  A hound (D:6)
  An orc wizard (D:9)
  3 orc priests
  A jelly (D:8)
  A bullfrog skeleton (D:7)
  An iguana (D:6)
  Natasha (D:3)
  A worker ant (D:11)
  A hound zombie (D:5)
  A hound skeleton (D:7)
  A worker ant zombie (D:6)
  5 adders
  6 gnolls
  A shadow imp (D:5)
  3 worms (D:2)
  2 dart slugs
  A leopard gecko (D:5)
  13 orcs
  2 giant cockroaches
  2 goblins (D:1)
  3 hobgoblins
  11 jackals
  9 kobolds
  2 bats (D:2)
  3 frilled lizards
  A jackal skeleton (D:7)
  A leopard gecko zombie (D:8)
  3 rats (D:2)
114 creatures vanquished.

Vanquished Creatures (others)
  An orc (Orc:1)
1 creature vanquished.

Grand Total: 195 creatures vanquished

Notes
Turn   | Place    | Note
-------+----------+-------------------------------------------
     0 | D:1      | tidbits the Gnoll Summoner began the quest for the Orb.
     0 | D:1      | Reached XP level 1. HP: 13/13 MP: 6/6
    49 | D:1      | Reached XP level 2. HP: 17/19 MP: 5/7
    53 | D:1      | Learned a level 2 spell: Call Imp
   320 | D:3      | Reached XP level 3. HP: 25/25 MP: 7/9
   325 | D:3      | Learned a level 3 spell: Call Canine Familiar
   349 | D:2      | Reached skill level 5 in Spellcasting
   370 | D:2      | Reached skill level 1 in Invocations
   509 | D:2      | Reached skill level 1 in Fighting
   509 | D:2      | Reached skill level 1 in Short Blades
   509 | D:2      | Reached skill level 1 in Long Blades
   509 | D:2      | Reached skill level 1 in Axes
   509 | D:2      | Reached skill level 1 in Maces & Flails
   509 | D:2      | Reached skill level 1 in Polearms
   509 | D:2      | Reached skill level 1 in Staves
   509 | D:2      | Reached skill level 1 in Slings
   509 | D:2      | Reached skill level 1 in Bows
   509 | D:2      | Reached skill level 1 in Crossbows
   509 | D:2      | Reached skill level 1 in Throwing
   509 | D:2      | Reached skill level 1 in Armour
   509 | D:2      | Reached skill level 1 in Shields
   509 | D:2      | Reached skill level 1 in Unarmed Combat
   509 | D:2      | Reached skill level 1 in Evocations
   542 | D:3      | Reached XP level 4. HP: 26/32 MP: 6/11
   548 | D:3      | Learned a level 4 spell: Summon Lightning Spire
   682 | D:4      | Reached skill level 1 in Conjurations
   682 | D:4      | Reached skill level 1 in Hexes
   682 | D:4      | Reached skill level 1 in Charms
   682 | D:4      | Reached skill level 1 in Necromancy
   682 | D:4      | Reached skill level 1 in Translocations
   682 | D:4      | Reached skill level 1 in Transmutations
   682 | D:4      | Reached skill level 1 in Fire Magic
   682 | D:4      | Reached skill level 1 in Ice Magic
   682 | D:4      | Reached skill level 1 in Air Magic
   682 | D:4      | Reached skill level 1 in Earth Magic
   682 | D:4      | Reached skill level 1 in Poison Magic
   693 | D:4      | Found a staircase to the Ecumenical Temple.
   702 | Temple   | Entered the Ecumenical Temple
   707 | Temple   | Became a worshipper of Cheibriados the Contemplative
   734 | D:4      | Found a white marble altar of Elyvilon.
   800 | D:5      | Entered Level 5 of the Dungeon
   821 | D:5      | Reached XP level 5. HP: 35/37 MP: 6/12
   833 | D:5      | Noticed an ogre
   842 | D:5      | Reached * piety under Cheibriados
   856 | D:5      | Killed an ogre
   926 | D:4      | Found Zin's Purification Station.
   928 | D:4      | Found a glowing silver altar of Zin.
   935 | D:4      | Bought a potion of curing for 90 gold pieces
   943 | D:3      | Noticed Natasha
   947 | D:3      | Killed Natasha
   947 | D:3      | Reached XP level 6. HP: 29/44 MP: 8/13
  1061 | D:5      | Reached skill level 2 in Invocations
  1092 | D:5      | Found a shimmering altar of Xom.
  1092 | D:5      | Found a shadowy altar of Dithmenos.
  1212 | D:6      | Reached ** piety under Cheibriados
  1212 | D:6      | Reached skill level 2 in Fighting
  1212 | D:6      | Reached skill level 2 in Short Blades
  1212 | D:6      | Reached skill level 2 in Long Blades
  1212 | D:6      | Reached skill level 2 in Axes
  1212 | D:6      | Reached skill level 2 in Maces & Flails
  1212 | D:6      | Reached skill level 2 in Polearms
  1212 | D:6      | Reached skill level 2 in Staves
  1212 | D:6      | Reached skill level 2 in Slings
  1212 | D:6      | Reached skill level 2 in Bows
  1212 | D:6      | Reached skill level 2 in Crossbows
  1212 | D:6      | Reached skill level 2 in Throwing
  1212 | D:6      | Reached skill level 2 in Armour
  1212 | D:6      | Reached skill level 5 in Dodging
  1212 | D:6      | Reached skill level 2 in Shields
  1212 | D:6      | Reached skill level 2 in Unarmed Combat
  1212 | D:6      | Reached skill level 2 in Evocations
  1250 | D:6      | Found an iron altar of Okawaru.
  1288 | D:6      | Reached XP level 7. HP: 36/50 MP: 4/15
  1353 | D:7      | Noticed Pikel
  1361 | D:7      | Killed Pikel
  1361 | D:7      | Reached skill level 5 in Stealth
  1361 | D:7      | Reached skill level 2 in Conjurations
  1361 | D:7      | Reached skill level 2 in Hexes
  1361 | D:7      | Reached skill level 2 in Charms
  1361 | D:7      | Reached skill level 2 in Necromancy
  1361 | D:7      | Reached skill level 2 in Translocations
  1361 | D:7      | Reached skill level 2 in Transmutations
  1361 | D:7      | Reached skill level 2 in Fire Magic
  1361 | D:7      | Reached skill level 2 in Ice Magic
  1361 | D:7      | Reached skill level 2 in Air Magic
  1361 | D:7      | Reached skill level 2 in Earth Magic
  1361 | D:7      | Reached skill level 2 in Poison Magic
  1361 | D:7      | Reached skill level 3 in Invocations
  1407 | D:7      | Reached XP level 8. HP: 48/57 MP: 6/16
  1514 | D:7      | Reached skill level 3 in Fighting
  1514 | D:7      | Reached skill level 3 in Short Blades
  1514 | D:7      | Reached skill level 3 in Long Blades
  1514 | D:7      | Reached skill level 3 in Axes
  1514 | D:7      | Reached skill level 3 in Maces & Flails
  1514 | D:7      | Reached skill level 3 in Polearms
  1514 | D:7      | Reached skill level 3 in Staves
  1514 | D:7      | Reached skill level 3 in Slings
  1514 | D:7      | Reached skill level 3 in Bows
  1514 | D:7      | Reached skill level 3 in Crossbows
  1514 | D:7      | Reached skill level 3 in Throwing
  1514 | D:7      | Reached skill level 3 in Armour
  1514 | D:7      | Reached skill level 3 in Shields
  1514 | D:7      | Reached skill level 3 in Unarmed Combat
  1514 | D:7      | Reached skill level 3 in Evocations
  1520 | D:7      | Reached *** piety under Cheibriados
  1539 | D:7      | Reached skill level 6 in Spellcasting
  1701 | D:6      | Reached **** piety under Cheibriados
  1833 | D:8      | Reached skill level 4 in Invocations
  1853 | D:8      | Reached skill level 3 in Conjurations
  1853 | D:8      | Reached skill level 3 in Hexes
  1853 | D:8      | Reached skill level 3 in Charms
  1853 | D:8      | Reached skill level 3 in Necromancy
  1853 | D:8      | Reached skill level 3 in Translocations
  1853 | D:8      | Reached skill level 3 in Transmutations
  1853 | D:8      | Reached skill level 3 in Fire Magic
  1853 | D:8      | Reached skill level 3 in Ice Magic
  1853 | D:8      | Reached skill level 3 in Air Magic
  1853 | D:8      | Reached skill level 3 in Earth Magic
  1853 | D:8      | Reached skill level 3 in Poison Magic
  1880 | D:8      | Reached skill level 6 in Dodging
  1880 | D:8      | Reached XP level 9. HP: 53/65 MP: 14/18
  2072 | D:8      | Reached ***** piety under Cheibriados
  2080 | D:8      | Reached skill level 4 in Fighting
  2080 | D:8      | Reached skill level 4 in Short Blades
  2080 | D:8      | Reached skill level 4 in Long Blades
  2080 | D:8      | Reached skill level 4 in Axes
  2080 | D:8      | Reached skill level 4 in Maces & Flails
  2080 | D:8      | Reached skill level 4 in Polearms
  2080 | D:8      | Reached skill level 4 in Staves
  2080 | D:8      | Reached skill level 4 in Slings
  2080 | D:8      | Reached skill level 4 in Bows
  2080 | D:8      | Reached skill level 4 in Crossbows
  2080 | D:8      | Reached skill level 4 in Throwing
  2080 | D:8      | Reached skill level 4 in Armour
  2080 | D:8      | Reached skill level 4 in Shields
  2080 | D:8      | Reached skill level 4 in Unarmed Combat
  2080 | D:8      | Reached skill level 4 in Evocations
  2235 | D:9      | Noticed Maurice
  2242 | D:9      | Killed Maurice
  2242 | D:9      | Reached skill level 6 in Stealth
  2242 | D:9      | Reached skill level 8 in Summonings
  2282 | D:9      | Identified the +4 shortbow of Painful Death {flame, *Slow
                  | rPois Str+7 Int+4}
  2302 | D:9      | Found a staircase to the Orcish Mines.
  2339 | D:9      | Learned a level 4 spell: Sticky Flame
  2343 | D:9      | Learned a level 3 spell: Mephitic Cloud
  2349 | D:9      | Found Zyh Utargh's Weapon Shoppe.
  2434 | Orc:1    | Entered Level 1 of the Orcish Mines
  2448 | D:9      | Bought a +5 vampiric broad axe for 429 gold pieces
  2488 | D:9      | Reached skill level 5 in Invocations
  2541 | D:10     | Entered Level 10 of the Dungeon
  2627 | D:10     | Reached XP level 10. HP: 73/73 MP: 20/20
  2664 | D:11     | Reached skill level 7 in Spellcasting
  2697 | D:11     | Reached skill level 4 in Conjurations
  2697 | D:11     | Reached skill level 4 in Hexes
  2697 | D:11     | Reached skill level 4 in Charms
  2697 | D:11     | Reached skill level 4 in Necromancy
  2697 | D:11     | Reached skill level 4 in Translocations
  2697 | D:11     | Reached skill level 4 in Transmutations
  2697 | D:11     | Reached skill level 4 in Fire Magic
  2697 | D:11     | Reached skill level 4 in Ice Magic
  2697 | D:11     | Reached skill level 4 in Air Magic
  2697 | D:11     | Reached skill level 4 in Earth Magic
  2697 | D:11     | Reached skill level 4 in Poison Magic
  2764 | D:12     | Noticed a deep elf mage
  2767 | D:12     | Killed a deep elf mage
  2767 | D:12     | Reached skill level 5 in Fighting
  2767 | D:12     | Reached skill level 5 in Short Blades
  2767 | D:12     | Reached skill level 5 in Long Blades
  2767 | D:12     | Reached skill level 5 in Axes
  2767 | D:12     | Reached skill level 5 in Maces & Flails
  2767 | D:12     | Reached skill level 5 in Polearms
  2767 | D:12     | Reached skill level 5 in Staves
  2767 | D:12     | Reached skill level 5 in Slings
  2767 | D:12     | Reached skill level 5 in Bows
  2767 | D:12     | Reached skill level 5 in Crossbows
  2767 | D:12     | Reached skill level 5 in Throwing
  2767 | D:12     | Reached skill level 5 in Armour
  2767 | D:12     | Reached skill level 5 in Shields
  2767 | D:12     | Reached skill level 5 in Unarmed Combat
  2767 | D:12     | Reached skill level 5 in Evocations
  2840 | D:12     | Reached skill level 7 in Dodging
  2944 | D:12     | Noticed a deep elf mage
  2949 | D:12     | Killed a deep elf mage
  2949 | D:12     | Reached ****** piety under Cheibriados
  2991 | D:12     | Learned a level 2 spell: Blink
  2995 | D:12     | Learned a level 3 spell: Conjure Flame
  3017 | D:11     | You fall through a shaft for 3 floors!
  3056 | D:14     | Noticed a tengu warrior
  3089 | D:14     | Noticed a tengu warrior
  3096 | D:14     | Killed a tengu warrior
  3096 | D:14     | Reached skill level 6 in Invocations
  3102 | D:14     | HP: 5/74 [tengu warrior/+0 broad axe (9)]
  3102 | D:14     | HP: 1/74 [tengu warrior/+0 broad axe (4)]
  3103 | D:14     | Killed a tengu warrior
  3103 | D:14     | Reached skill level 7 in Stealth
  3140 | D:14     | Found Woqetih's Antique Weapon Shop.
  3181 | D:14     | Noticed a death drake
  3187 | D:14     | Noticed an eye of devastation
  3194 | D:14     | Blown up by an eye of devastation (shapeshifter)

Vault maps used:
D:1:      dpeg_arrival_tiny_c
D:2:      serial_forest, infiniplex_forest_clump_C,
          infiniplex_forest_straight_4, infiniplex_forest_clump_double,
          infiniplex_forest_corner_2, infiniplex_forest_lined_room_,
          corexii_corridor_pit, kennysheep_generic_room_8
D:3:      nicolae_gozag_cash_rules_everything_around_me,
          grunt_temple_overflow_diamond, uniq_ijyb, uniq_natasha, uniq_robin,
          uniq_grinder
D:4:      zin_purify, elyvilon_altar_5, minmay_temple_entry_poolview,
          first_ration, moated_statue
D:5:      lemuel_crystal_altar, amethyst_overflow_temple_binary,
          gammafunk_temple_overflow_wave, uniq_blork_the_orc
D:6:      basic_altar, uniq_sigmund
D:7:      grunt_ogre_cave, uniq_pikel
D:9:      orc_david_3, serial_curves, eino_curves_04, eino_curves_03,
          uniq_maurice
D:10:     david_lair_shrubbed
D:11:     enter_bailey_3, nicolae_lava_and_water
D:12:     serial_glass, glass_columns_a, glass_columns_a, glass_columns_a,
          glass_columns_a, due_unseen_surprise
D:14:     david_vaults_3, chequers_serial_rivers_micro_d, serial_shops,
          kennysheep_mini_moat, spider_trap, uniq_agnes
Temple:   minmay_freezing_vapour_temple

Skill      XL: |  1  2  3  4  5  6  7  8  9 10 |
---------------+-------------------------------+-----
Spellcasting   | 5 6 7 |  7.5
Invocations    | 1 2 3 4 5 6 |  6.1
Fighting       | 1 2 3 4 5 |  5.5
Short Blades   | 1 2 3 4 5 |  5.5
Long Blades    | 1 2 3 4 5 |  5.5
Axes           | 1 2 3 4 5 |  5.5
Maces & Flails | 1 2 3 4 5 |  5.5
Polearms       | 1 2 3 4 5 |  5.5
Staves         | 1 2 3 4 5 |  5.5
Slings         | 1 2 3 4 5 |  5.5
Bows           | 1 2 3 4 5 |  5.5
Crossbows      | 1 2 3 4 5 |  5.5
Throwing       | 1 2 3 4 5 |  5.5
Armour         | 1 2 3 4 5 |  5.5
Shields        | 1 2 3 4 5 |  5.5
Unarmed Combat | 1 2 3 4 5 |  5.5
Evocations     | 1 2 3 4 5 |  5.5
Conjurations   | 1 2 3 4 |  4.6
Hexes          | 1 2 3 4 |  4.6
Charms         | 1 2 3 4 |  4.6
Necromancy     | 1 2 3 4 |  4.6
Translocations | 1 2 3 4 |  4.6
Transmutations | 1 2 3 4 |  4.6
Fire Magic     | 1 2 3 4 |  4.6
Ice Magic      | 1 2 3 4 |  4.6
Air Magic      | 1 2 3 4 |  4.6
Earth Magic    | 1 2 3 4 |  4.6
Poison Magic   | 1 2 3 4 |  4.6
Dodging        | 5 6 7 |  7.3
Stealth        | 5 6 7 |  7.0
Summonings     | 8 |  8.5

Action                   |  1- 3 |  4- 6 |  7- 9 | 10-12 || total
-------------------------+-------+-------+-------+-------++-------
Melee: Unarmed           |    11 |       |       |       ||    11
       Bite              |     3 |     7 |    20 |    12 ||    42
       Dagger            |    29 |     2 |    55 |       ||    86
       Rapier            |       |    46 |       |       ||    46
       War axe           |       |       |    10 |       ||    10
       Whip              |       |       |    15 |       ||    15
       Punch             |       |       |     5 |     1 ||     6
       Short sword       |       |       |    18 |       ||    18
       Broad axe         |       |       |    12 |    51 ||    63
 Fire: Shortbow          |       |       |     7 |       ||     7
Throw: Tomahawk          |       |    11 |    10 |     2 ||    23
 Cast: Summon Small Mamm |    21 |       |       |       ||    21
       Call Canine Famil |     4 |     1 |       |       ||     5
       Call Imp          |     4 |       |       |       ||     4
       Summon Lightning  |       |    13 |    31 |     9 ||    53
       Blink             |       |       |       |     1 ||     1
Evoke: Wand              |       |       |     4 |       ||     4
  Use: Scroll            |       |     4 |     7 |     6 ||    17
       Potion            |       |       |     2 |     2 ||     4
 Stab: Sleeping          |     2 |     4 |    17 |     7 ||    30
       Distracted        |     2 |       |     2 |     1 ||     5
  Eat: Ration            |       |     2 |     3 |       ||     5
       Chunk             |       |     1 |       |       ||     1
Armor: Robe              |    11 |    19 |    17 |    11 ||    58
Dodge: Dodged            |    38 |    54 |   128 |    85 ||   305
       Deflected         |       |       |     1 |     1 ||     2
Block: Buckler           |       |       |       |     1 ||     1

Table legend:
 A = Non-vault XP
 B = Vault XP
 C = Vault XP percentage of total XP
 D = Non-vault monster count
 E = Vault monster count
 F = Vault count percentage of total count
                 A         B        C        D         E       F
            +---------+---------+-------+---------+---------+-------
      Total |    7451 |    1065 |  12.5 |     187 |       6 |   3.1
            +---------+---------+-------+---------+---------+-------
        D:1 |      16 |       0 |   0.0 |      10 |       0 |   0.0
        D:2 |      43 |       7 |  14.0 |      24 |       1 |   4.0
        D:3 |      19 |      18 |  48.6 |       3 |       1 |  25.0
        D:4 |      96 |       0 |   0.0 |      16 |       0 |   0.0
        D:5 |     222 |       0 |   0.0 |      17 |       0 |   0.0
        D:6 |     701 |       0 |   0.0 |      20 |       0 |   0.0
        D:7 |     514 |     448 |  46.6 |      18 |       2 |  10.0
        D:8 |     965 |       0 |   0.0 |      31 |       0 |   0.0
        D:9 |     597 |     592 |  49.8 |      13 |       2 |  13.3
       D:10 |     450 |       0 |   0.0 |       7 |       0 |   0.0
       D:11 |     444 |       0 |   0.0 |       9 |       0 |   0.0
       D:12 |    2405 |       0 |   0.0 |      13 |       0 |   0.0
       D:14 |     951 |       0 |   0.0 |       3 |       0 |   0.0
      Orc:1 |      28 |       0 |   0.0 |       3 |       0 |   0.0
            +---------+---------+-------+---------+---------+-------

Table legend:
 A = Turns spent in this place as a percentage of turns spent in the entire game.
 B = Non-inter-level travel turns spent in this place as a percentage of non-inter-level travel turns spent in the entire game.
 C = Inter-level travel turns spent in this place as a percentage of turns spent in this place.
 D = Turns resting spent in this place as a percentage of non-inter-level travel turns spent in this place.
 E = Turns spent auto-exploring this place as a percentage of non-inter-level travel turns spent in this place.
 F = Non-inter-level travel turns spent in this place divided by the number of levels of this place that you've seen.
                   A       B       C       D       E      F
               +-------+-------+-------+-------+-------+----------------------
         Total | 100.0 | 100.0 |   1.1 |   0.0 |   0.0 | 210.5
       Dungeon |  99.4 |  99.4 |   1.1 |   0.0 |   0.0 | 241.4
        Temple |   0.3 |   0.3 |   0.0 |   0.0 |   0.0 |  11.0
  Orcish Mines |   0.3 |   0.3 |   0.0 |   0.0 |   0.0 |   9.0
               +-------+-------+-------+-------+-------+----------------------

Table legend:
 A = Kills in this place as a percentage of kills in entire the game.
 B = Kills by you in this place as a percentage of kills by you in the entire game.
 C = Kills by friends in this place as a percentage of kills by friends in the entire game.
 D = Other kills in this place as a percentage of other kills in the entire game.
 E = Experience gained in this place as a percentage of experience gained in the entire game.
 F = Experience gained in this place divided by the number of levels of this place that you have seen.
                   A       B       C       D       E      F
               +-------+-------+-------+-------+-------+----------------------
         Total | 100.0 | 100.0 | 100.0 |   N/A | 100.0 | 567.7
       Dungeon |  98.4 |  97.5 |  99.1 |   N/A |  99.7 | 652.9
  Orcish Mines |   1.6 |   2.5 |   0.9 |   N/A |   0.3 |  28.0
               +-------+-------+-------+-------+-------+----------------------

Vault maps used:
D:1:      dpeg_arrival_tiny_c
D:2:      serial_forest, infiniplex_forest_clump_C,
          infiniplex_forest_straight_4, infiniplex_forest_clump_double,
          infiniplex_forest_corner_2, infiniplex_forest_lined_room_,
          corexii_corridor_pit, kennysheep_generic_room_8
D:3:      nicolae_gozag_cash_rules_everything_around_me,
          grunt_temple_overflow_diamond, uniq_ijyb, uniq_natasha, uniq_robin,
          uniq_grinder
D:4:      zin_purify, elyvilon_altar_5, minmay_temple_entry_poolview,
          first_ration, moated_statue
D:5:      lemuel_crystal_altar, amethyst_overflow_temple_binary,
          gammafunk_temple_overflow_wave, uniq_blork_the_orc
D:6:      basic_altar, uniq_sigmund
D:7:      grunt_ogre_cave, uniq_pikel
D:9:      orc_david_3, serial_curves, eino_curves_04, eino_curves_03,
          uniq_maurice
D:10:     david_lair_shrubbed
D:11:     enter_bailey_3, nicolae_lava_and_water
D:12:     serial_glass, glass_columns_a, glass_columns_a, glass_columns_a,
          glass_columns_a, due_unseen_surprise
D:14:     david_vaults_3, chequers_serial_rivers_micro_d, serial_shops,
          kennysheep_mini_moat, spider_trap, uniq_agnes
Temple:   minmay_freezing_vapour_temple
